 Dungeon Crawl Stone Soup version 0.20.1-1-g8b1a95d (webtiles) character file.

1253 manon the Cleaver (level 8, -2/73 HPs)
             Began as a Minotaur Fighter on Oct 31, 2017.
             Was a Follower of Cheibriados.
             Slain by an ogre
             ... wielding a +0 giant club
              (19 damage)
             ... on level 6 of the Dungeon.
             The game lasted 00:17:59 (5026 turns).

manon the Cleaver (Minotaur Fighter)                Turns: 5026, Time: 00:18:00

Health: -2/73      AC: 10    Str: 25    XL:     8   Next: 26%
Magic:  6/9        EV:  6    Int:  7    God:    Cheibriados [*.....]
Gold:   291        SH: 10    Dex: 12    Spells: 7/7 levels left

rFire    + . .     SeeInvis .   a - +0 war axe
rCold    . . .     Gourm    .   c - +0 shield
rNeg     . . .     Faith    .   I - +1 chain mail {MR+}
rPois    .         Spirit   .   (helmet restricted)
rElec    .         Reflect  .   (no cloak)
rCorr    .         Harm     .   (no gloves)
MR       +....                  (no boots)
Stlth    ..........             (no amulet)
Regen    0.3/turn               K - ring of protection from fire
MPRegen  0.2/turn               (no ring)

@: very slow
A: retaliatory headbutt, horns 2
a: Bend Time, Renounce Religion


You were on level 6 of the Dungeon.
You worshipped Cheibriados.
Cheibriados was aware of your devotion.
You were hungry.

You visited 1 branch of the dungeon, and saw 6 of its levels.

You collected 291 gold pieces.

Inventory:

Hand Weapons
 a - a +0 war axe (weapon)
 b - a +0 hunting sling
 y - a +0 flail
Missiles
 o - 43 arrows
 q - 32 sling bullets
 r - 22 poisoned needles
 s - 4 curare-tipped needles
 z - 18 tomahawks (quivered)
 D - 59 bolts
Armour
 c - a +0 shield (worn)
 u - a +0 scale mail
 F - a +1 chain mail of cold resistance
 I - a +1 chain mail of magic resistance (worn)
Jewellery
 l - an uncursed amulet of faith
 K - a ring of protection from fire (left hand)
Scrolls
 e - a scroll of random uselessness
 g - a scroll of identify
 j - a scroll of blinking {unknown}
 k - 2 scrolls of amnesia {unknown}
 m - 2 scrolls of teleportation {unknown}
 n - a scroll of recharging {unknown}
 p - 2 scrolls of immolation {unknown}
 v - a scroll of enchant weapon {unknown}
 w - 3 scrolls of fear
 C - 3 scrolls of enchant armour {unknown}
 G - 2 scrolls of remove curse
Potions
 d - 3 potions of curing
 h - 5 potions of heal wounds
 i - a potion of degeneration
 t - a potion of lignification {unknown}
 x - a potion of haste {unknown}
 E - a potion of agility
 H - a potion of resistance {unknown}
 J - a potion of magic {unknown}
Comestibles
 f - 6 bread rations
 A - 4 fruits
 B - 2 meat rations
 L - a royal jelly


   Skills:
 + Level 7.3 Fighting
 * Level 9.6 Axes
 - Level 3.6 Armour
 - Level 3.6 Shields
 + Level 2.8 Invocations


You had 7 spell levels left.
You didn't know any spells.

Dungeon Overview and Level Annotations

Branches:
Dungeon (6/15)
 Temple: D:4-7

Altars:
Cheibriados
Elyvilon
Hepliaklqana
Yredelemnul


Innate Abilities, Weirdness & Mutations

You reflexively headbutt those who attack you in melee.
You have a pair of horns on your head.


Message History

Your shield prevents you from hitting the ogre.
The ogre is heavily wounded.
The ogre hits you with a giant club!!
You are too injured to fight recklessly!
You are too injured to fight recklessly!
You hit the ogre. You headbutt the ogre!
The ogre is almost dead.
You block the ogre's attack.
You hit the ogre but do no damage.
The ogre is almost dead.
The ogre hits you with a giant club!!
* * * LOW HITPOINT WARNING * * *
The flow of time bends around you.
The ogre resists with some effort.
You feel slightly more hungry. The ogre barely misses you.
You furiously retaliate!
You headbutt the ogre, but do no damage.
You barely miss the ogre. Your headbutt misses the ogre.
The ogre is almost dead.
The ogre hits you with a giant club!!
You die...

..........
...#.##.##.#
..
............
.#
####.##.##.#
(# #.##.##.#
(# #.......#
.# ####.####
(#
#.#########O#
#.........@.#
#############


You could see an ogre.

Vanquished Creatures
  A phantom (D:6)
  2 ogres
  A scorpion (D:5)
  A howler monkey (D:4)
  A crimson imp (D:5)
  3 hounds
  An orc wizard (D:6)
  Jessica (D:3)
  8 worker ants
  3 centaur skeletons
  A worker ant zombie (D:5)
  3 gnolls (D:2)
  3 adders
  A shadow imp (D:5)
  An ooze (D:5)
  An adder skeleton (D:4)
  4 worms
  3 leopard geckos
  18 orcs
  4 bats
  4 giant cockroaches
  7 goblins
  5 hobgoblins
  12 jackals
  5 kobolds
  9 quokkas
  A ball python (D:1)
  5 frilled lizards
  2 leopard gecko zombies
  5 rats
116 creatures vanquished.

Notes
Turn   | Place    | Note
-------+----------+-------------------------------------------
     0 | D:1      | manon the Minotaur Fighter began the quest for the Orb.
     0 | D:1      | Reached XP level 1. HP: 19/19 MP: 0/0
   324 | D:1      | Reached skill level 3 in Axes
   384 | D:1      | Reached XP level 2. HP: 26/27 MP: 1/1
  1093 | D:2      | Reached XP level 3. HP: 33/33 MP: 2/2
  1147 | D:2      | Reached skill level 4 in Axes
  1331 | D:2      | Reached XP level 4. HP: 18/41 MP: 3/3
  1949 | D:3      | Found a white marble altar of Elyvilon.
  2106 | D:3      | Noticed Jessica
  2117 | D:3      | Killed Jessica
  2117 | D:3      | Reached skill level 5 in Axes
  2397 | D:3      | Reached skill level 5 in Fighting
  2412 | D:3      | Reached XP level 5. HP: 48/48 MP: 4/4
  2822 | D:4      | Reached skill level 6 in Axes
  2937 | D:4      | Reached XP level 6. HP: 50/56 MP: 5/5
  3567 | D:4      | Reached skill level 7 in Axes
  3843 | D:5      | Entered Level 5 of the Dungeon
  3856 | D:5      | Reached XP level 7. HP: 63/63 MP: 6/6
  4007 | D:5      | Reached skill level 8 in Axes
  4074 | D:5      | Found a basalt altar of Yredelemnul.
  4080 | D:5      | Found a snail-covered altar of Cheibriados.
  4084 | D:5      | Became a worshipper of Cheibriados the Contemplative
  4357 | D:5      | Found a hazy altar of Hepliaklqana.
  4471 | D:6      | Reached skill level 1 in Invocations
  4569 | D:6      | Reached * piety under Cheibriados
  4609 | D:6      | Reached skill level 9 in Axes
  4609 | D:6      | Reached XP level 8. HP: 71/73 MP: 6/8
  5026 | D:6      | Slain by an ogre

Skill      XL: |  1  2  3  4  5  6  7 |
---------------+----------------------+-----
Axes           | 3 4 5 6 7 9 |  9.6
Fighting       | 4 5 6 7 |  7.3
Invocations    | 2 |  2.8
Armour         | |  3.6
Shields        | |  3.6

Action                   |  1- 3 |  4- 6 |  7- 9 || total
-------------------------+-------+-------+-------++-------
Melee: War axe           |    74 |   118 |    93 ||   285
       Headbutt          |     5 |    25 |    16 ||    46
 Fire: Hunting sling     |       |       |    11 ||    11
Throw: Tomahawk          |       |    25 |    33 ||    58
Invok: Bend Time         |       |       |     1 ||     1
  Use: Potion            |     1 |       |       ||     1
       Scroll            |       |     4 |     4 ||     8
  Eat: Chunk             |     1 |     8 |     3 ||    12
Armor: Scale mail        |    22 |    37 |     2 ||    61
       Chain mail        |       |       |    37 ||    37
Dodge: Dodged            |    33 |    24 |    12 ||    69
Block: Shield            |    39 |    42 |    34 ||   115
